[Event "December 19 Late 2023"]
[Site "https://www.chess.com"]
[Date "2023.12.19"]
[Round "4"]
[White "Botez, Alexandra"]
[Black "Sailer, Mike"]
[Result "0-1"]
[Board "166"]
[TimeControl "180+1"]
[WhiteFideId "2603365"]
[BlackFideId "2012901"]
[WhiteElo "2040"]
[BlackElo "2109"]
[WhiteTeam "CAN"]
[BlackTeam "USA"]
[WhiteClock "0:00:00"]
[BlackClock "0:00:11"]

1. d4 d5 2. Nf3 Nf6 3. g3 e6 4. Bg2 c5 5. c3 Nc6 6. O-O Be7 7. Bf4 O-O 8. Nbd2 b5 9. e3 b4 10. dxc5 Ba6 11. Re1 Bxc5 12. Nb3 Be7 13. Nfd4 Rc8 14. Nxc6 Rxc6 15. Nd4 Rb6 16. Qa4 bxc3 17. bxc3 Nd7 18. Rab1 Nc5 19. Rxb6 Nxa4 20. Rxa6 Nxc3 21. Nc6 Qd7 22. Rxa7 Qxc6 23. Rxe7 Nxa2 24. Rc7 Qb6 25. Rec1 Nxc1 26. Rxc1 h6 27. h4 Qb7 28. Kh2 Rc8 29. Ra1 Kh7 30. Re1 Rc2 31. Kg1 Qb2 32. Rf1 Rc1 33. e4 Rxf1+ 34. Bxf1 dxe4 35. Kg2 f5 36. Be3 Kg6 37. Bc4 Kf6 38. Bf1 g5 39. hxg5+ hxg5 40. Ba7 f4 41. Bc5 Kf5 42. Ba7 Qa3 0-1

[Event "December 19 Late 2023"]
[Site "https://www.chess.com"]
[Date "2023.12.19"]
[Round "4"]
[White "Joel Paul Ganta"]
[Black "Oliveira, Tiago Batista"]
[Result "1-0"]
[Board "167"]
[TimeControl "180+1"]
[WhiteFideId "35066145"]
[BlackFideId "2108291"]
[WhiteElo "1891"]
[BlackElo "1962"]
[WhiteTeam "IND"]
[BlackTeam "BRA"]
[WhiteClock "0:01:51"]
[BlackClock "0:00:43"]

1. e4 e5 2. Nf3 Nc6 3. Bb5 a6 4. Ba4 Nf6 5. O-O Nxe4 6. Re1 Nc5 7. Nxe5 Nxe5 8. Rxe5+ Be7 9. Bb3 Nxb3 10. axb3 O-O 11. Nc3 Bf6 12. Re1 d5 13. d4 Bf5 14. Bf4 Qd7 15. Be5 Bxe5 16. Rxe5 c6 17. Qf3 Bxc2 18. Rae1 Rab8 19. h4 f6 20. Re7 Qf5 21. Qg3 Rf7 22. Qxb8+ 1-0

[Event "December 19 Late 2023"]
[Site "https://www.chess.com"]
[Date "2023.12.19"]
[Round "4"]
[White "De Souza, Arthur Olintho"]
[Black "Kappeler, Kaspar"]
[Result "1-0"]
[Board "168"]
[TimeControl "180+1"]
[WhiteFideId "2116200"]
[BlackFideId "1309072"]
[WhiteElo "2056"]
[BlackElo "2192"]
[WhiteTeam "BRA"]
[BlackTeam "SUI"]
[WhiteClock "0:00:10"]
[BlackClock "0:00:02"]

1. d4 Nf6 2. c4 e6 3. Nc3 d5 4. cxd5 exd5 5. Bg5 Be7 6. e3 c6 7. Bd3 O-O 8. Nf3 Nbd7 9. O-O Re8 10. Rb1 a5 11. a3 Nf8 12. b4 axb4 13. axb4 Ne6 14. Bxf6 Bxf6 15. Qb3 g6 16. Rfc1 Ng7 17. b5 Bf5 18. Bxf5 Nxf5 19. bxc6 bxc6 20. Na4 Rc8 21. Nb6 Rc7 22. Qa4 Re6 23. Rc2 h5 24. Rbc1 Qe8 25. Nxd5 Rc8 26. Nxf6+ Rxf6 27. Ne5 Ne7 28. Qa6 Kg7 29. h3 c5 30. Qd3 cxd4 31. Qxd4 Rxc2 32. Rxc2 Nf5 33. Qb2 Qe6 34. g4 Nd6 35. g5 Rf5 36. Nf3+ Kh7 37. Kg2 h4 38. Qd4 Ne4 39. Rc4 Nxg5 40. Qxh4+ Kg7 41. Nxg5 Rxg5+ 42. Qxg5 Qxc4 43. h4 Qc6+ 44. f3 Qc2+ 45. Kg3 Qd1 46. h5 Qg1+ 47. Kf4 Qh2+ 48. Ke4 Qxh5 49. Qxh5 gxh5 50. Kf4 Kg6 51. Kg3 f5 52. f4 Kh6 53. Kh4 Kg6 54. Kh3 Kh6 55. Kh4 Kg6 56. Kg3 Kh6 57. Kf3 h4 58. Kg2 Kh5 59. Kh3 Kh6 60. Kxh4 Kg6 61. Kg3 Kh5 62. Kh3 Kh6 63. Kg3 Kh5 64. Kf3 Kh4 65. e4 fxe4+ 66. Kxe4 Kh5 67. Ke5 Kg6 68. Ke6 Kg7 69. f5 Kg8 70. Ke7 Kg7 71. f6+ Kg6 72. f7 Kg7 73. f8=Q+ Kh7 74. Qa8 Kg7 75. Qg2+ Kh7 76. Kf7 Kh8 77. Qh2# 1-0

[Event "December 19 Late 2023"]
[Site "https://www.chess.com"]
[Date "2023.12.19"]
[Round "4"]
[White "Ghosh, Chanchal Kumer"]
[Black "Golubenko, Valentina"]
[Result "0-1"]
[Board "169"]
[TimeControl "180+1"]
[WhiteFideId "10201858"]
[BlackFideId "4501993"]
[WhiteElo "2067"]
[BlackElo "2126"]
[WhiteTeam "BAN"]
[BlackTeam "CRO"]
[WhiteClock "0:00:00"]
[BlackClock "0:00:09"]

1. e4 g6 2. Nf3 Bg7 3. d4 d5 4. e5 c5 5. c3 Nc6 6. Bd3 Bg4 7. Nbd2 e6 8. h3 Bxf3 9. Nxf3 Nge7 10. O-O cxd4 11. cxd4 O-O 12. Bg5 Qb6 13. Qd2 Rfe8 14. Be3 f6 15. exf6 Bxf6 16. Rfe1 Qb4 17. Qc2 Rac8 18. a3 Qb6 19. Qd2 Nxd4 20. Nxd4 Bxd4 21. Bxd4 Qxd4 22. Rxe6 Nf5 23. Rae1 Rf8 24. Qe2 Rc7 25. Bxf5 Rxf5 26. Re8+ Kg7 27. Re7+ Rxe7 28. Qxe7+ Rf7 29. Qe2 Qf4 30. Rd1 d4 31. Qd2 Qxd2 32. Rxd2 Rc7 33. Kf1 Rd7 34. Ke2 Rc7 35. Kd3 Rd7 36. Re2 Kf6 37. Re4 Kf5 38. Rxd4 Re7 39. Rd5+ Ke6 40. Rd4 Rf7 41. f3 Ke5 42. Re4+ Kd5 43. b4 b5 44. Rd4+ Ke5 45. Ke3 a6 46. Re4+ Kd5 47. g4 Rc7 48. Kf4 Rc3 49. Re5+ Kd4 50. Re4+ Kd5 51. Re3 Rc4+ 52. Kg3 Kd4 53. Re4+ Kd3 54. Re6 Kd4 55. Rxa6 Rc3 56. a4 Kc4 57. axb5 Kxb5 58. Ra7 h5 59. gxh5 gxh5 60. Ra5+ Kxb4 61. Rxh5 Kc4 62. Rf5 Kd4 63. Rf8 Ke5 64. h4 Ke6 65. h5 Ke7 66. Rf4 Rc5 67. Kg4 Rc1 68. h6 Rg1+ 69. Kf5 Rh1 70. Kg6 Rg1+ 71. Kh7 Rh1 72. Kg7 Rg1+ 73. Kh8 Rh1 74. h7 Rh6 75. Rg4 Rh5 76. Rg7+ Kf6 77. Rg8 Kf5 78. Rf8+ Kg6 79. Kg8 Rxh7 80. Ra8 Rg7+ 81. Kf8 Rf7+ 82. Ke8 Rxf3 83. Ra6+ Rf6 0-1

[Event "December 19 Late 2023"]
[Site "https://www.chess.com"]
[Date "2023.12.19"]
[Round "4"]
[White "Nasybullina, Alfia"]
[Black "Stead, Kerry"]
[Result "0-1"]
[Board "170"]
[TimeControl "180+1"]
[WhiteFideId "4132416"]
[BlackFideId "3202577"]
[WhiteElo "1920"]
[BlackElo "1997"]
[WhiteTeam "KAZ"]
[BlackTeam "AUS"]
[WhiteClock "0:01:36"]
[BlackClock "0:00:36"]

1. d4 c5 2. d5 f5 3. Nf3 g6 4. Nc3 Bg7 5. Bf4 d6 6. e3 Bxc3+ 7. bxc3 Qa5 8. Qd2 Nd7 9. Be2 b5 10. O-O c4 11. Nd4 Nc5 12. Nc6 Qc7 13. Qd4 Nf6 14. Bg5 O-O 15. f3 Bb7 16. e4 fxe4 17. fxe4 Ncxe4 18. Bf3 Nxg5 19. Rae1 Nxf3+ 20. Rxf3 Rae8 21. Qxa7 Nxd5 22. Rxf8+ Kxf8 23. Na5 Bc8 24. Qxc7 Nxc7 25. Nc6 e5 26. Ra1 Bb7 27. Na5 Be4 28. a4 Ra8 29. axb5 Nxb5 30. Re1 Bxc2 31. Nxc4 Bd3 32. Nb6 Ra2 33. c4 Nd4 34. Rd1 Be4 35. Nc8 Rxg2+ 36. Kf1 Rxh2 37. Nxd6 Nc2 38. Rc1 Ne3+ 39. Ke1 Bd3 40. c5 Re2# 0-1

[Event "December 19 Late 2023"]
[Site "https://www.chess.com"]
[Date "2023.12.19"]
[Round "4"]
[White "Gulamirian, Korun"]
[Black "Romero Ruscalleda, Josep"]
[Result "0-1"]
[Board "171"]
[TimeControl "180+1"]
[WhiteFideId "4144899"]
[BlackFideId "2231859"]
[WhiteElo "1621"]
[BlackElo "2200"]
[WhiteTeam "RUS"]
[BlackTeam "ESP"]
[WhiteClock "0:00:51"]
[BlackClock "0:00:55"]

1. e4 g6 2. d4 Bg7 3. f4 d6 4. Nf3 Bg4 5. Be3 Nc6 6. c3 Nf6 7. Nbd2 O-O 8. Be2 e5 9. d5 exf4 10. Bxf4 Ne7 11. h3 Bd7 12. O-O Re8 13. Bd3 Nh5 14. Bh2 Bh6 15. Qc2 Qc8 16. h4 Bg4 17. Nd4 Qd7 18. N2f3 c5 19. Bb5 Qc7 20. Bxe8 cxd4 21. Nxd4 Rxe8 22. Nb5 Qc5+ 23. Nd4 Be3+ 24. Kh1 Bxd4 25. Rac1 Be5 26. b4 Qe3 27. Rce1 Ng3+ 28. Bxg3 Qxg3 29. Rf2 Qh2# 0-1

[Event "December 19 Late 2023"]
[Site "https://www.chess.com"]
[Date "2023.12.19"]
[Round "4"]
[White "Khokhlova, Daria"]
[Black "Desideri, Ricardo Maruchi"]
[Result "1-0"]
[Board "172"]
[TimeControl "180+1"]
[WhiteFideId "24182729"]
[BlackFideId "2110440"]
[WhiteElo "2032"]
[BlackElo "1945"]
[WhiteTeam "FID"]
[BlackTeam "BRA"]
[WhiteClock "0:00:11"]
[BlackClock "0:00:00"]

1. d4 Nf6 2. c4 c5 3. d5 e6 4. Nc3 exd5 5. cxd5 d6 6. Nf3 g6 7. g3 Bg7 8. Bg2 O-O 9. O-O Re8 10. a4 b6 11. Re1 Bf5 12. Nd2 Qd7 13. e4 Bh3 14. Bh1 Na6 15. Nc4 Nb4 16. Bf4 Bf8 17. e5 Nh5 18. Bg5 h6 19. Bc1 Ng7 20. Bxh6 Nf5 21. Bxf8 Rxf8 22. e6 Qe7 23. Qd2 Kg7 24. Rad1 Rad8 25. Bg2 Bxg2 26. Kxg2 f6 27. Ne3 Nd4 28. Ne2 Nxe2 29. Rxe2 Rh8 30. h4 Rh7 31. Qc3 Rdh8 32. Rg1 Kf8 33. Rd1 g5 34. Ng4 gxh4 35. Qxf6+ Qxf6 36. Nxf6 h3+ 37. Kh2 Rh6 38. Ne4 Ke7 39. f4 Rg8 40. Nc3 Rhg6 41. f5 Rxg3 42. f6+ Kxf6 43. e7 Rg2+ 44. Rxg2 Rxg2+ 45. Kxh3 Rg8 46. Re1 Re8 47. Re6+ Kf7 48. Ne4 Rxe7 49. Nxd6+ 1-0

[Event "December 19 Late 2023"]
[Site "https://www.chess.com"]
[Date "2023.12.19"]
[Round "4"]
[White "Reinecke, Katharina"]
[Black "Martynenko, Ivan"]
[Result "1-0"]
[Board "173"]
[TimeControl "180+1"]
[WhiteFideId "12929727"]
[BlackFideId "2053179"]
[WhiteElo "1761"]
[BlackElo "2275"]
[WhiteTeam "GER"]
[BlackTeam "USA"]
[WhiteClock "0:00:06"]
[BlackClock "0:00:09"]

1. d4 Nf6 2. c4 e6 3. Nf3 d5 4. g3 c6 5. Bg2 Bd6 6. O-O O-O 7. b3 a5 8. a3 Ne4 9. Bb2 a4 10. b4 dxc4 11. Qc2 f5 12. Qxc4 b5 13. Qc2 Bb7 14. e3 Nd7 15. Nbd2 Nxd2 16. Nxd2 Nb6 17. Rac1 Rc8 18. Qb1 Qe7 19. Rc2 g5 20. Rfc1 f4 21. exf4 gxf4 22. Bxc6 fxg3 23. hxg3 Bxc6 24. Rxc6 Rxc6 25. Rxc6 Nd5 26. Ne4 Bb8 27. Qc1 Qg7 28. Qg5 Nf6 29. Qxg7+ Kxg7 30. Nxf6 Rxf6 31. d5 e5 32. Rc5 Rf3 33. Rxb5 Bd6 34. Rb6 Rb3 35. Rxd6 Rxb2 36. Ra6 Rd2 37. Rxa4 Rxd5 38. Kg2 Kf6 39. Ra6+ Kf5 40. a4 Rd4 41. b5 Rb4 42. b6 h5 43. a5 Rb2 44. Ra7 e4 45. Re7 Rb5 46. a6 Rxb6 47. a7 Ra6 48. Rh7 Rxa7 49. Rxa7 1-0

[Event "December 19 Late 2023"]
[Site "https://www.chess.com"]
[Date "2023.12.19"]
[Round "4"]
[White "BenchGM"]
[Black "Chiquitita23"]
[Result "1-0"]
[Board "174"]
[TimeControl "180+1"]
[WhiteElo "2252"]
[BlackElo "1974"]
[WhiteClock "0:01:31"]
[BlackClock "0:01:44"]

1. e4 e5 2. Nf3 Nc6 3. d4 exd4 4. Nxd4 Nf6 5. Nxc6 bxc6 6. e5 Qe7 7. Qe2 Nd5 8. c4 Nb6 9. Nc3 g6 10. Bf4 Bg7 11. O-O-O O-O 12. h4 h5 13. g4 hxg4 14. h5 g5 15. h6 Bh8 16. h7+ Kg7 17. Qxg4 d5 18. Qh5 1-0

[Event "December 19 Late 2023"]
[Site "https://www.chess.com"]
[Date "2023.12.19"]
[Round "4"]
[White "Igel2023"]
[Black "Thake, Conrad"]
[Result "1-0"]
[Board "175"]
[TimeControl "180+1"]
[BlackFideId "5602947"]
[WhiteElo "2231"]
[BlackElo "1662"]
[BlackTeam "MLT"]
[WhiteClock "0:01:11"]
[BlackClock "0:00:00"]

1. e4 e6 2. d4 d5 3. Nd2 Nf6 4. e5 Nfd7 5. Bd3 c5 6. c3 Nc6 7. Ne2 Qb6 8. Nf3 cxd4 9. cxd4 Bb4+ 10. Bd2 a6 11. O-O Bxd2 12. Qxd2 Qb4 13. Qf4 Qe7 14. Ng3 h6 15. Nh5 O-O 16. Qg4 f5 17. exf6 Rxf6 18. Nxf6+ Nxf6 19. Qh4 b5 20. Rfe1 Bd7 21. Ne5 Be8 22. Nxc6 Bxc6 23. Rac1 Rc8 24. a4 bxa4 25. Bxa6 Rc7 26. h3 Kh7 27. Bd3+ g6 28. Rc5 Qg7 29. Rec1 a3 30. bxa3 1-0

[Event "December 19 Late 2023"]
[Site "https://www.chess.com"]
[Date "2023.12.19"]
[Round "5"]
[White "Bluebaum, Matthias"]
[Black "Kovalev, Vladislav"]
[Result "1-0"]
[Board "1"]
[TimeControl "180+1"]
[WhiteFideId "24651516"]
[BlackFideId "13504398"]
[WhiteElo "2621"]
[BlackElo "2539"]
[WhiteTeam "GER"]
[BlackTeam "FID"]
[WhiteClock "0:01:08"]
[BlackClock "0:00:00"]

1. d4 Nf6 2. c4 e6 3. Nc3 Bb4 4. e3 O-O 5. Bd2 b6 6. Nf3 Bb7 7. Bd3 Bxc3 8. Bxc3 Ne4 9. Bxe4 Bxe4 10. d5 f6 11. Nd2 Bg6 12. h4 h6 13. Qg4 Qe8 14. h5 Bh7 15. O-O-O Na6 16. Nb3 e5 17. d6 c5 18. Rh3 Qe6 19. Qxe6+ dxe6 20. f4 e4 21. g4 Rad8 22. Rg3 Kh8 23. g5 hxg5 24. fxg5 e5 25. h6 Nb8 26. hxg7+ Kxg7 27. gxf6+ Kxf6 28. Rh1 Rg8 29. Rgh3 Bf5 30. Rh6+ Rg6 31. Rxg6+ Bxg6 32. Rf1+ Ke6 33. Rg1 Rg8 34. Rg5 Nc6 35. Nd2 Kf6 36. Nxe4+ Ke6 37. d7 1-0

[Event "December 19 Late 2023"]
[Site "https://www.chess.com"]
[Date "2023.12.19"]
[Round "5"]
[White "Keymer, Vincent"]
[Black "Dardha, Daniel"]
[Result "0-1"]
[Board "2"]
[TimeControl "180+1"]
[WhiteFideId "12940690"]
[BlackFideId "240990"]
[WhiteElo "2629"]
[BlackElo "2568"]
[WhiteTeam "GER"]
[BlackTeam "BEL"]
[WhiteClock "0:00:00"]
[BlackClock "0:00:08"]

1. Nf3 Nf6 2. c4 c6 3. Nc3 d5 4. e3 a6 5. d4 Bf5 6. Nh4 Bc8 7. h3 e6 8. Nf3 Nbd7 9. Qc2 Bd6 10. b3 b5 11. Bb2 O-O 12. Bd3 bxc4 13. bxc4 dxc4 14. Bxc4 c5 15. O-O Bb7 16. Be2 Rb8 17. Rfd1 Qe7 18. Rab1 Rfc8 19. Qd2 cxd4 20. Qxd4 Bxf3 21. Bxf3 Be5 22. Qd3 Rxb2 23. Rxb2 Rxc3 24. Qxa6 Nf8 25. Rb7 Rc7 26. a4 h5 27. a5 Qa3 28. Qb5 Rc5 29. Qb6 Qxa5 30. Qxa5 Rxa5 31. g3 g6 32. Rd8 Kg7 33. Kg2 Ra2 34. Bc6 N8h7 35. Bf3 Ng5 36. Rb4 Bc3 37. Rb1 Nxh3 0-1

[Event "December 19 Late 2023"]
[Site "https://www.chess.com"]
[Date "2023.12.19"]
[Round "5"]
[White "Zakhartsov, Vladimir"]
[Black "Sarana, Alexey"]
[Result "0-1"]
[Board "3"]
[TimeControl "180+1"]
[WhiteFideId "4145097"]
[BlackFideId "24133795"]
[WhiteElo "2448"]
[BlackElo "2707"]
[WhiteTeam "RUS"]
[BlackTeam "SRB"]
[WhiteClock "0:00:02"]
[BlackClock "0:00:28"]

1. Nf3 d5 2. g3 Nf6 3. Bg2 g6 4. c4 c6 5. cxd5 cxd5 6. d4 Bg7 7. Nc3 O-O 8. Ne5 e6 9. O-O Nfd7 10. Nxd7 Bxd7 11. Bf4 Bc6 12. Qd2 Nd7 13. h4 h5 14. Rfd1 Rc8 15. Rac1 Qb6 16. Rc2 Rfd8 17. Bg5 Re8 18. e3 Nf6 19. Rdc1 Ng4 20. b3 Bf8 21. Na4 Qc7 22. Bf4 Qd8 23. Nc5 Qf6 24. Nd3 Ba3 25. Rf1 Bb5 26. Rd1 Qf5 27. f3 Qxd3 28. Rxc8 Rxc8 29. Qxd3 Bxd3 30. Rxd3 Rc1+ 31. Bf1 Nh2 32. Kxh2 Rxf1 33. Rd2 Rc1 34. e4 Rc3 35. Kg2 f6 36. exd5 exd5 37. Kf2 Bc1 38. Re2 Bxf4 39. gxf4 Kf7 40. f5 gxf5 41. Kg3 Rd3 42. Rc2 Rxd4 43. Rc7+ Kg6 44. Rxb7 f4+ 45. Kh3 Rd3 46. Rxa7 Rxf3+ 47. Kg2 Rd3 48. Rb7 Kf5 49. a4 Kg4 50. a5 f3+ 51. Kf1 Rd1+ 52. Kf2 Rd2+ 53. Kf1 Ra2 54. b4 d4 55. Rd7 Kg3 56. Rg7+ Kf4 57. Rd7 f5 58. Re7 d3 59. Rd7 d2 60. Kf2 d1=Q+ 0-1

[Event "December 19 Late 2023"]
[Site "https://www.chess.com"]
[Date "2023.12.19"]
[Round "5"]
[White "Ivic, Velimir"]
[Black "Maksimovic, Bojan"]
[Result "0-1"]
[Board "4"]
[TimeControl "180+1"]
[WhiteFideId "950122"]
[BlackFideId "14408120"]
[WhiteElo "2542"]
[BlackElo "2527"]
[WhiteTeam "SRB"]
[BlackTeam "BIH"]
[WhiteClock "0:00:04"]
[BlackClock "0:00:12"]

1. e4 e6 2. d4 a6 3. Bd3 d5 4. e5 c5 5. c3 Bd7 6. Nf3 cxd4 7. cxd4 Bb5 8. O-O Nc6 9. Nc3 Bxd3 10. Qxd3 Bb4 11. h4 Nge7 12. h5 h6 13. Ne2 Rc8 14. a3 Ba5 15. Ng3 O-O 16. Be3 f6 17. exf6 Rxf6 18. Rac1 Bc7 19. Bd2 Qe8 20. Rfe1 Bxg3 21. fxg3 Qxh5 22. Bf4 Rcf8 23. Rc2 Nf5 24. Rce2 g5 25. Be5 R6f7 26. Nh2 Nxe5 27. Rxe5 Ng7 28. R5e2 Rf6 29. g4 Qg6 30. Qxg6 Rxg6 31. Nf3 Rc8 32. Re3 Rf6 33. Rb3 Rc7 34. Rb6 Rf4 35. Re3 Rxg4 36. Reb3 Rf4 37. Rxb7 Rxb7 38. Rxb7 Nf5 39. Rb6 g4 40. Ne5 Rxd4 41. Rxe6 g3 42. Kf1 Rd2 43. b4 Rf2+ 44. Ke1 Rxg2 45. Rg6+ Kh7 46. Rf6 Nd4 47. Rf7+ Kg8 48. Rf4 Re2+ 49. Kf1 Rxe5 50. Rxd4 h5 51. Kg2 Rg5 52. a4 Kf7 53. b5 axb5 54. axb5 Ke6 55. b6 Rg7 56. Rb4 Rb7 57. Kxg3 Kd6 58. Kf3 Kc5 59. Rh4 Rxb6 60. Rxh5 Re6 61. Rh8 d4 62. Rc8+ Kd5 63. Kf2 d3 64. Rd8+ Kc4 65. Rc8+ Kd4 66. Rd8+ Kc3 67. Kf1 d2 68. Rc8+ Kd3 69. Rd8+ Kc2 70. Rc8+ Kd1 71. Rc4 Rf6+ 72. Kg2 Rf5 73. Rc8 Ke2 74. Re8+ Kd3 75. Rd8+ Ke3 76. Re8+ Kd4 0-1

[Event "December 19 Late 2023"]
[Site "https://www.chess.com"]
[Date "2023.12.19"]
[Round "5"]
[White "Sjugirov, Sanan"]
[Black "Mahdavi, Reza"]
[Result "1-0"]
[Board "5"]
[TimeControl "180+1"]
[WhiteFideId "4189302"]
[BlackFideId "12595926"]
[WhiteElo "2569"]
[BlackElo "2426"]
[WhiteTeam "HUN"]
[BlackTeam "IRI"]
[WhiteClock "0:00:48"]
[BlackClock "0:01:03"]

1. e4 c5 2. Nf3 d6 3. d4 cxd4 4. Nxd4 Nf6 5. Nc3 a6 6. Be3 e5 7. Nf3 Qc7 8. a4 Be7 9. Be2 h6 10. O-O Be6 11. a5 Nbd7 12. Nd5 Bxd5 13. exd5 O-O 14. c4 Ng4 15. Bd2 e4 16. Nd4 Nge5 17. b4 Nxc4 18. Rc1 Nde5 19. Bf4 Nd3 20. Bxd3 exd3 21. Qxd3 Rac8 22. Nf5 Bf6 23. Nxd6 Qxd6 24. Bxd6 Nxd6 25. Rxc8 Rxc8 26. Qg3 Be7 27. Qe3 Kf8 28. Rc1 Re8 29. Qd3 Bg5 30. Rd1 Rc8 31. g3 Bf6 32. Re1 Rc4 33. Qh7 g6 34. Qxh6+ Bg7 35. Qg5 Kg8 36. h4 Rxb4 37. h5 gxh5 38. Qd8+ Bf8 39. Re5 1-0

[Event "December 19 Late 2023"]
[Site "https://www.chess.com"]
[Date "2023.12.19"]
[Round "5"]
[White "Bryakin, Mikhail"]
[Black "Drygalov, Sergey"]
[Result "0-1"]
[Board "6"]
[TimeControl "180+1"]
[WhiteFideId "4165314"]
[BlackFideId "24171743"]
[WhiteElo "2495"]
[BlackElo "2504"]
[WhiteTeam "SRB"]
[BlackTeam "RUS"]
[WhiteClock "0:00:00"]
[BlackClock "0:00:09"]

1. Nf3 d5 2. d4 Nf6 3. c4 e6 4. g3 c6 5. Qc2 Nbd7 6. Bg2 b6 7. O-O Bb7 8. Nbd2 Be7 9. e4 dxc4 10. Nxc4 O-O 11. Bf4 c5 12. Rfe1 cxd4 13. Nd6 Bxd6 14. Bxd6 d3 15. Qa4 Nc5 16. Bxc5 bxc5 17. Rad1 Qb6 18. b3 Rfd8 19. Qc4 Ba6 20. Qc3 Rac8 21. Ne5 Qb4 22. Qd2 Rd4 23. f3 Qb8 24. Qf4 d2 25. Re3 Qb4 26. Bf1 Bxf1 27. Kxf1 a5 28. Nc4 a4 29. Ke2 axb3 30. axb3 Rcd8 31. Qc7 h6 32. h4 R8d7 33. Qc8+ Kh7 34. g4 Rxc4 35. bxc4 Qxc4+ 36. Kf2 Qc2 37. Ke2 c4 38. Qc5 Rd3 39. g5 Nh5 40. g6+ fxg6 41. Rxd3 Qxd3+ 42. Kf2 c3 43. Qe3 Qc4 44. Rg1 e5 45. Qe2 Qd4+ 46. Qe3 c2 47. Qxd4 exd4 0-1

[Event "December 19 Late 2023"]
[Site "https://www.chess.com"]
[Date "2023.12.19"]
[Round "5"]
[White "Tari, Aryan"]
[Black "Mikaelyan, Arman"]
[Result "1-0"]
[Board "7"]
[TimeControl "180+1"]
[WhiteFideId "1510045"]
[BlackFideId "13304852"]
[WhiteElo "2577"]
[BlackElo "2445"]
[WhiteTeam "NOR"]
[BlackTeam "ARM"]
[WhiteClock "0:00:16"]
[BlackClock "0:00:02"]

1. e4 e5 2. Nf3 Nc6 3. Bb5 a6 4. Ba4 Nf6 5. Nc3 b5 6. Bb3 Bc5 7. Nd5 h6 8. d3 d6 9. c3 Bb7 10. O-O Na5 11. Bc2 Ba7 12. b4 Nc6 13. Bb3 Rb8 14. a4 Nxd5 15. Bxd5 Ne7 16. Bxb7 Rxb7 17. d4 exd4 18. Nxd4 O-O 19. axb5 axb5 20. Be3 Qd7 21. Qd3 c5 22. Nf3 c4 23. Qd2 Bxe3 24. Qxe3 Ng6 25. Rfd1 Re8 26. Ra6 Qe6 27. Rd4 Rd7 28. g3 Ne5 29. Nxe5 Qxe5 30. f3 f5 31. Qd2 Rde7 32. Rd5 Qxd5 33. Qxd5+ Kh8 34. Qxf5 1-0

[Event "December 19 Late 2023"]
[Site "https://www.chess.com"]
[Date "2023.12.19"]
[Round "5"]
[White "Ibarra Jerez, Jose Carlos"]
[Black "Lazavik, Denis"]
[Result "0-1"]
[Board "8"]
[TimeControl "180+1"]
[WhiteFideId "2226332"]
[BlackFideId "13515110"]
[WhiteElo "2634"]
[BlackElo "2556"]
[WhiteTeam "ESP"]
[BlackTeam "BLR"]
[WhiteClock "0:00:00"]
[BlackClock "0:00:15"]

1. e4 c5 2. Nf3 e6 3. d3 Nc6 4. g3 g6 5. Bg2 Bg7 6. O-O Nge7 7. c3 e5 8. a3 O-O 9. b4 d6 10. b5 Na5 11. c4 b6 12. Nc3 h6 13. Ne1 Rb8 14. Rb1 f5 15. exf5 gxf5 16. Bd2 Be6 17. Nd5 Nb7 18. Nc2 Nxd5 19. cxd5 Bd7 20. f4 Qe8 21. a4 Qg6 22. Na3 Nd8 23. Nc4 Nf7 24. Bf3 exf4 25. Bh5 Qf6 26. Bxf7+ Qxf7 27. Qf3 fxg3 28. hxg3 Qg6 29. Bf4 Rf6 30. Rbe1 Bf8 31. Kg2 Rf7 32. Rh1 a6 33. Nxd6 Rh7 34. Nc4 Ra8 35. d6 Ra7 36. Ne5 Qe8 37. Nc6 Be6 38. Nxa7 Rxa7 39. Bxh6 Qf7 40. Bxf8 Bd5 41. Be7 Bxf3+ 42. Kxf3 axb5 43. Rh6 Qd5+ 44. Kf2 Qd4+ 45. Kg2 Rxa4 46. Rg6+ Kf7 47. Rf6+ Qxf6 48. Bxf6 Kxf6 49. d7 Rd4 50. Rb1 b4 0-1

[Event "December 19 Late 2023"]
[Site "https://www.chess.com"]
[Date "2023.12.19"]
[Round "5"]
[White "Niemann, Hans Moke"]
[Black "Melkumyan, Hrant"]
[Result "1/2-1/2"]
[Board "9"]
[TimeControl "180+1"]
[WhiteFideId "2093596"]
[BlackFideId "13302485"]
[WhiteElo "2614"]
[BlackElo "2604"]
[WhiteTeam "USA"]
[BlackTeam "ARM"]
[WhiteClock "0:00:07"]
[BlackClock "0:00:05"]

1. e4 e5 2. Nf3 Nc6 3. Bc4 Nf6 4. d3 h6 5. c3 d6 6. a4 Be7 7. a5 a6 8. O-O O-O 9. Re1 Re8 10. Nbd2 Bf8 11. Nf1 Be6 12. Bxe6 Rxe6 13. Ng3 g6 14. d4 Re8 15. d5 Ne7 16. c4 Nd7 17. b4 c5 18. Ba3 Qc7 19. Nd2 Rec8 20. Qf3 Kg7 21. h4 h5 22. Ne2 Ng8 23. Reb1 Ngf6 24. bxc5 Nxc5 25. Bxc5 dxc5 26. Nc3 Bd6 27. Qe2 Rab8 28. Na4 Rf8 29. Nb6 Qe7 30. Rb3 Ng4 31. f3 Nh6 32. Qf2 f5 33. Qg3 f4 34. Qh3 Rfd8 35. Rab1 Nf7 36. Na4 Rd7 37. Rb6 Rbd8 38. Kf1 Qe8 39. Ke2 Re7 40. Nb2 Bc7 41. Rxb7 Bxa5 42. Rxe7 Qxe7 43. Nb3 Bb4 44. Nd3 a5 45. Ra1 Ra8 46. Qe6 Qxe6 47. dxe6 Nd6 48. Nxb4 cxb4 49. Rxa5 Rxa5 50. Nxa5 Kf6 51. Kd3 Kxe6 52. Kc2 Nf7 53. Nb7 g5 54. hxg5 Nxg5 55. Nc5+ Kd6 56. Nd3 h4 57. Nf2 Kc5 58. Kb3 Kd4 59. Kxb4 Ke3 60. Ng4+ Ke2 61. Nxe5 Kf2 62. Ng6 h3 63. gxh3 Kxf3 64. e5 Ke4 65. Kc3 f3 66. Kd2 Kf5 67. Nh4+ Kxe5 68. Ke3 Nxh3 69. Nxf3+ Kd6 70. Kd4 Nf4 71. c5+ Kc7 72. Kc4 Ne6 73. Nd4 Nxc5 1/2-1/2

[Event "December 19 Late 2023"]
[Site "https://www.chess.com"]
[Date "2023.12.19"]
[Round "5"]
[White "Zhigalko, Sergei"]
[Black "Duda, Jan-Krzysztof"]
[Result "0-1"]
[Board "10"]
[TimeControl "180+1"]
[WhiteFideId "13502956"]
[BlackFideId "1170546"]
[WhiteElo "2616"]
[BlackElo "2775"]
[WhiteTeam "BLR"]
[BlackTeam "POL"]
[WhiteClock "0:00:00"]
[BlackClock "0:00:09"]

1. e4 c6 2. d4 d5 3. e5 Bf5 4. Nf3 e6 5. Be2 c5 6. Be3 Qb6 7. Nc3 Nc6 8. dxc5 Bxc5 9. Bxc5 Qxc5 10. Nb5 Kf8 11. Nbd4 Nge7 12. O-O Qb6 13. Nxf5 Nxf5 14. Bd3 Nfd4 15. Re1 Nxf3+ 16. Qxf3 Qxb2 17. Rab1 Qc3 18. Re3 Nxe5 19. Qf4 Nxd3 20. Rxd3 Qxc2 21. Rdb3 b6 22. Rc1 Qe4 23. Qc7 h5 24. Rf3 Qg6 25. Qb7 Re8 26. h3 Kg8 27. Qxa7 Rh6 28. Qxb6 Qg5 29. Qc6 Rf8 30. a4 h4 31. a5 Rg6 32. g4 hxg3 33. Rxg3 Qf5 34. a6 Rxg3+ 35. fxg3 Qd3 36. Rc3 Qd1+ 37. Kg2 Rb8 38. Rc2 Rb1 0-1

[Event "December 19 Late 2023"]
[Site "https://www.chess.com"]
[Date "2023.12.19"]
[Round "5"]
[White "Yeletsky, Ivan"]
[Black "Deac, Bogdan-Daniel"]
[Result "1-0"]
[Board "11"]
[TimeControl "180+1"]
[WhiteFideId "24180327"]
[BlackFideId "1226380"]
[WhiteElo "2379"]
[BlackElo "2641"]
[WhiteTeam "RUS"]
[BlackTeam "ROU"]
[WhiteClock "0:00:08"]
[BlackClock "0:00:02"]

1. d4 Nf6 2. c4 e6 3. Bf4 d5 4. cxd5 Nxd5 5. Bg3 c5 6. e4 Nf6 7. Nd2 Qxd4 8. Ngf3 Qd8 9. e5 Nd5 10. Bd3 Nb4 11. Be4 Nd3+ 12. Kf1 Nb4 13. a3 Nd5 14. h4 Bd7 15. Kg1 Bc6 16. h5 h6 17. Qe2 Nd7 18. Rh4 Be7 19. Rg4 O-O 20. Re1 f5 21. exf6 N7xf6 22. Ne5 Be8 23. Rg6 Nxe4 24. Qxe4 Nf6 25. Qe2 Nxh5 26. Rxe6 Nxg3 27. fxg3 Bf6 28. Ndf3 Qd5 29. Ng4 Bd4+ 30. Kh1 Bd7 31. Nxd4 cxd4 32. Nxh6+ gxh6 33. Qg4+ Qg5 34. Rg6+ Kh7 35. Rxg5 Bxg4 36. Rxg4 Rad8 37. Re7+ Kh8 38. Rgg7 Rfe8 39. Rh7+ Kg8 40. Rhg7+ Kh8 41. Rh7+ Kg8 42. Reg7+ Kf8 43. Rxb7 Kg8 44. Rbg7+ Kf8 45. Rxa7 Kg8 46. Rag7+ Kf8 47. Rd7 Kg8 48. Rhe7 Rxd7 49. Rxd7 Re2 50. b4 Ra2 51. Rxd4 Rxa3 52. Kh2 Rb3 53. Kh3 Kg7 54. Rd7+ Kg6 55. Rb7 h5 56. Kh4 Rb1 57. g4 hxg4 58. Kxg4 Rb2 59. g3 Rb3 60. Kf4 Rb1 61. Rb6+ Kf7 62. g4 Rf1+ 63. Kg5 Rg1 64. Rb7+ Kg8 65. b5 Rb1 66. Rb8+ Kg7 67. Rb7+ Kg8 68. b6 Rb4 69. Kf5 Rb5+ 70. Kf6 Rb4 71. g5 1-0